 Dungeon Crawl Stone Soup version 0.17.1-3-g152610e (webtiles) character file.

247926 hexophile the Tortoise (level 19, -1/156 HPs)
             Began as a Minotaur Monk on Jan 30, 2016.
             Was the Champion of Cheibriados.
             Slain by a merfolk
             ... wielding a +1 trident of protection
              (11 damage)
             ... on level 2 of the Shoals on Apr 1, 2016.
             The game lasted 01:52:37 (37756 turns).

hexophile the Tortoise (Minotaur Monk)             Turns: 37756, Time: 01:52:38

Health: -1/156     AC: 31    Str: 31    XL:     19   Next: 23%
Magic:  21/30      EV: 17    Int: 31    God:    Cheibriados [******]
Gold:   2683       SH:  0    Dex: 28    Spells: 5 memorised, 7 levels left

rFire  + . .     SeeInvis .       - Unarmed
rCold  + . .     Clarity  .     u - +4 plate armour {rF+} {rF+}
rNeg   . . .     SustAt   .     (no shield)
rPois  +         Gourm    .     (helmet restricted)
rElec  .         Spirit   .     n - +0 cloak
rCorr  .         Warding  .     h - +2 pair of gloves
rMut   .         Stasis   .     d - +0 pair of boots
MR     ++...                    V - amulet of regeneration {+Regen}
Stlth  ..........               D - +3 ring of slaying
                                x - ring of Pyromania {rPois rC+ MR+ Int+3}

@: studying Axes, very slow, very resistant to hostile enchantments, extremely
unstealthy
A: retaliatory headbutt, horns 2, clumsy 1
a: Bend Time, Temporal Distortion, Slouch, Step From Time, Renounce Religion
}: 1/15 runes: serpentine


You were on level 2 of the Shoals.
You worshipped Cheibriados.
Cheibriados was exalted by your worship.
You were not hungry.

You visited 7 branches of the dungeon, and saw 35 of its levels.
You visited the Abyss 2 times.
You also visited: Labyrinth, Bailey, Ice Cave and Volcano.

You collected 4294 gold pieces.
You spent 1611 gold pieces at shops.


Innate Abilities, Weirdness & Mutations

You reflexively headbutt those who attack you in melee.
You have a pair of horns on your head.
You are clumsy. (Dex -2)

Inventory:

Missiles
 F - 4 throwing nets (quivered) {+f}
Armour
 d - a +0 pair of boots (worn)
 h - a +2 pair of gloves (worn)
 n - a +0 cloak (worn)
 u - a +4 plate armour of fire resistance (worn) {rF+}
Jewellery
 l - a +5 ring of evasion
 s - an uncursed ring of protection from cold {rC+}
 x - the ring of Pyromania (left hand) {rPois rC+ MR+ Int+3}
   (You took it off a deep elf mage on level 3 of the Elven Halls)

   [ring of poison resistance]

   It affects your intelligence (+3).
   It protects you from cold.
   It protects you from poison.
   It affects your resistance to hostile enchantments.
 z - an uncursed ring of fire {rF+ rC-}
 A - a cursed amulet of faith {Faith}
 D - a +3 ring of slaying (right hand)
 Q - an uncursed ring of protection from magic {MR+}
 V - an amulet of regeneration (around neck) {+Regen}
Wands
 c - a wand of disintegration (7)
 k - a wand of digging (12)
 G - a wand of teleportation (7) {!V}
 M - a wand of digging (12)
 T - a wand of draining (12)
Scrolls
 b - 4 scrolls of enchant weapon
 g - 13 scrolls of teleportation
 t - 3 scrolls of blinking
 y - 10 scrolls of recharging
 B - 2 scrolls of summoning
 C - 4 scrolls of vulnerability
 E - a scroll of holy word
 H - a scroll of magic mapping
 N - 7 scrolls of identify
 O - 8 scrolls of immolation
 R - 4 scrolls of fog
 U - 12 scrolls of remove curse
 W - 4 scrolls of fear
 X - 4 scrolls of enchant armour
Potions
 a - a potion of agility {Stlth+ Dex+5 EV+5}
 e - 6 potions of curing
 i - a potion of brilliance {Archmagi Int+5 Wiz++}
 j - a potion of heal wounds
 o - 3 potions of berserk rage
 p - 3 potions of cancellation
 w - a potion of cure mutation {!q}
 L - a potion of lignification {unknown}
 P - 4 potions of might {Str+5 DMG+1d10}
 Y - 2 potions of resistance {rF+ rC+ rPois rElec rCorr}
 Z - a potion of magic
Books
 I - a book of Party Tricks

   Spells                             Type                      Level
   a - Summon Butterflies             Summoning                    1
   b - Apportation                    Translocation                1
   c - Tukima's Dance                 Hexes                        3
   d - Alistair's Intoxication        Transmutation/Poison         4
   e - Invisibility                   Hexes                        6
 J - a manual of Axes
 K - a book of the Earth

   Spells                             Type                      Level
   a - Leda's Liquefaction            Hexes/Earth                  4
   b - Bolt of Magma                  Conjuration/Fire/Earth       5
   c - Statue Form                    Transmutation/Earth          6
   d - Iron Shot                      Conjuration/Earth            6
   e - Shatter                        Earth                        9
Miscellaneous
 f - a fan of gales
 v - a disc of storms
 S - a sack of spiders {used: 1}
Comestibles
 m - 13 meat rations
 q - 2 beef jerkies
 r - 11 bread rations


You had 7 spell levels left.
You knew the following spells:

 Your Spells              Type           Power        Failure   Level  Hunger
a - Regeneration          Chrm/Necr      #####.....   6%          3    None
b - Blade Hands           Trmt           #######...   1%          5    ####...
c - Statue Form           Trmt/Erth      ######...    98%         6    #####..
d - Necromutation         Trmt/Necr      ######....   100%        8    #######
e - Aura of Abjuration    Summ           ##........   100%        5    ####...


   Skills:
 - Level 10.9 Fighting
 - Level 9.1 Axes
 - Level 20.7 Armour
 - Level 8.6 Dodging
 - Level 1.5 Stealth
   Level 8.7 Shields
 * Level 16.1 Unarmed Combat
 - Level 8.2 Spellcasting
 - Level 5.1 Charms
 - Level 5.5 Necromancy
 - Level 13.3 Transmutations
 - Level 11.4 Invocations
 + Level 2.8 Evocations

Dungeon Overview and Level Annotations

Branches:
Dungeon (13/15)            Temple (1/1) D:7            Lair (8/8) D:11
 Shoals (2/4) Lair:5        Snake (4/4) Lair:6        Slime (0/6) Lair:7
    Orc (4/4) D:11            Elf (3/3) Orc:4        Vaults (0/5) D:13

Altars:
Ashenzari
Cheibriados
Dithmenos
Gozag
Kikubaaqudgha
Makhleb
Okawaru
Ru
Sif Muna
Trog
Xom
Yredelemnul
Zin
The Shining One
Beogh

Shops:
D:6 [}(:   D:13 *![[}   Orc:4 !%%(   Elf:2 [   Snake:3 }

Annotations:
D:8 THIS BITCH IS DEAD, FUCKERS!!!
Lair:5 exclusion: oklob plant
Snake:2 exclusion: downstairs
Orc:4 Nope, I'm otta this shitville, exclusions: downstairs, upstairs and 8 more exclusions
Elf:2 1 exclusion
Elf:3 1 exclusion

Vault maps used:
D:1:      sevenhm_arrival_forest_fort_large_1
D:2:      lemuel_crystal_altar, okawaru_ov_weapons_minmay
D:4:      first_bread, hangedman_decor_diamond_cutter
D:5:      old_standard_altar, old_standard_altar, trog_hazing_becter
D:6:      serial_shops, nicolae_shop_competitors_out_of_business, shop, shop,
          kennysheep_little_box, uniq_pikel
D:7:      minmay_temple_entry_statues_pillars, uniq_duvessa
D:8:      hangedman_cross_veins, bloody_makhleb, special_room, enter_bailey_2,
          hangedman_little_slice_of_home, minmay_misc_feat_tiny, uniq_erolcha
D:9:      lemuel_zombie_altar_kikubaaqudgha, roderic_cross_of_infinity,
          hangedman_abyss_or_decor_stabs
D:11:     cheibrodos_lost_city_excavation, erik_lair_orcish_takeover,
          hiddenorc1_lemuel, uniq_maud, uniq_sonja
D:13:     lightli_vaults_fourway_checkpoint, serial_shops, shop,
          nicolae_shop_stone, nicolae_shop_temple_entry_statues_fountains,
          shop_coins, nicolae_shop_crystal
Temple:   circular_temple_13
Lair:1:   infiniplex_staircase_pool
Lair:2:   patterned_corridor
Lair:3:   grunt_megastairs_1
Lair:4:   lab_entry_generic, grunt_forest_stairs_clearing
Lair:5:   lemuel_slime, elwin_shoals_entry_rooms,
          portal_ice_cave_entry_pillars_02, beast_lair_carwin_7, uniq_josephine
Lair:6:   guppyfry_snake_entry_garden, minmay_stone_trees_medium
Lair:7:   cheibrodos_magma_flow, minmay_slime_entry_jelly_boxes
Lair:8:   due_jungle_book
Shoals:2: nicolae_shoals_circle_sea_wall
Snake:1:  serial_bayou_shore_b
Snake:2:  basic_stair_grate_trap
Snake:3:  serial_shops, nicolae_shop_stone, spider_trap, serial_bayou_lagoon_b,
          basic_stair_grate_trap, lemuel_fruit_tree
Snake:4:  minmay_snake_end_coiled, grunt_ministairs_6, library_closet,
          spider_trap
Orc:1:    guppyfry_library_mini
Orc:2:    basic_altar, nicolae_orc_crystal_geode, uniq_rupert
Orc:3:    enter_volcano_3, nicolae_orc_pool_cavern, mines2_david
Orc:4:    grunt_orc_tribal_feast, basic_altar, kennysheep_orc_chapel
Elf:1:    minmay_elf_necromancy, uniq_aizul
Elf:2:    serial_shops, shop
Elf:3:    elf_hall
Abyss:1:  hangedman_abyss_batty_box
Lab:      nicolae_lab_dead_adventurers
Bailey:   bailey_polearm_1, bailey
IceCv:    ice_cave_statue_garden_01
Volcano:  volcano_pools
You       could see 2 merfolk aquamancers, 3 merfolk, a cyclops and a water
          elemental.


Message History

The teleport trap disappears.
The water elemental disappears!
The merfolk aquamancer points at you and mumbles some strange words.
The great wave of water hits you!
* * * LOW HITPOINT WARNING * * *
You are knocked back by the great wave of water.
The wave splashes down.
The water elemental is engulfed in a cloud of scalding steam.
There is a stone staircase leading up here.
Things that are here:
a throwing net {+f}; a water nymph skeleton You lost 37 HP.
You have now: 33/156 HP.
You hear a distant "Zot"!
The water elemental barely misses you. You furiously retaliate!
You headbutt the water elemental!
The merfolk hits the plant with a trident of protection!
The merfolk hits the plant but does no damage.
The water elemental closely misses you.
Unknown command.
You can feel time thicken for a moment.
You feel somewhat more hungry. The merfolk completely misses you.
The merfolk aquamancer hits you but does no damage.
The merfolk hits the plant with a trident!
The merfolk barely misses you. The water elemental hits you.
* * * LOW HITPOINT WARNING * * *
A centaur comes into view.
You lost 3 HP.
You have now: 31/156 HP.
Unknown command.
Unknown command.
Unknown command.
You can feel time thicken for a moment.
You destroy the water elemental!
Cheibriados thoroughly appreciates the change of pace.
You kill the centaur!
Cheibriados thoroughly appreciates the change of pace.
You hear a splash. x2
You feel somewhat more hungry. The merfolk closely misses you.
The merfolk aquamancer barely misses you.
The merfolk hits the plant with a trident!
The merfolk hits you but does no damage.
A merfolk aquamancer and a cyclops come into view.
Unknown command.
Unknown command.
A water elemental comes into view.
The merfolk misses you.
The merfolk aquamancer casts a spell at you.
The shard of ice hits you! You partially resist.
* * * LOW HITPOINT WARNING * * *
The merfolk hits you but does no damage.
The merfolk hits you with a trident of protection!
You die...

Action                   |  1- 3 |  4- 6 |  7- 9 | 10-12 | 13-15 | 16-18 | 19-21 || total
-------------------------+-------+-------+-------+-------+-------+-------+-------++-------
Melee: Unarmed           |    97 |   153 |   304 |   501 |  1301 |  1166 |   168 ||  3690
Throw: Throwing net      |       |       |     1 |     1 |       |       |       ||     2
 Cast: Blade Hands       |       |       |       |       |    16 |    65 |     3 ||    84
       Regeneration      |       |       |       |       |       |    22 |     2 ||    24
Invok: Bend Time         |       |       |       |    13 |    11 |     3 |     2 ||    29
       Slouch            |       |       |       |     4 |    22 |     8 |     4 ||    38
       Temporal Distorti |       |       |       |       |       |       |     3 ||     3
 Abil: End Transformatio |       |       |       |       |       |     1 |     2 ||     3
Evoke: Wand              |       |     2 |    12 |    11 |       |    14 |       ||    39
       Fan of gales      |       |       |       |       |       |     1 |       ||     1
       Sack of spiders   |       |       |       |       |       |     1 |       ||     1
       Disc of storms    |       |       |       |       |       |    11 |       ||    11
  Use: Scroll            |       |    10 |    14 |     9 |    11 |    15 |       ||    59
       Potion            |       |     2 |     9 |     1 |     8 |     6 |     1 ||    27
 Stab: Sleeping          |     2 |       |       |       |       |       |       ||     2
       Distracted        |       |       |       |       |       |     2 |       ||     2
  Eat: Chunk             |     1 |    10 |     6 |     4 |    24 |     7 |     1 ||    53
       Fruit             |       |       |     3 |     3 |     4 |    18 |       ||    28
       Meat ration       |       |       |     1 |       |       |     2 |       ||     3
       Pizza             |       |       |       |     2 |       |       |       ||     2
       Beef jerky        |       |       |       |       |     5 |       |     1 ||     6
       Bread ration      |       |       |       |       |     2 |     2 |     1 ||     5
       Royal jelly       |       |       |       |       |       |     1 |       ||     1

Notes
Turn   | Place    | Note
--------------------------------------------------------------
     0 | D:1      | hexophile the Minotaur Monk began the quest for the Orb.
     0 | D:1      | Reached XP level 1. HP: 19/19 MP: 0/0
   342 | D:1      | Reached XP level 2. HP: 24/27 MP: 1/1
   371 | D:1      | Reached skill level 4 in Fighting
   393 | D:1      | Reached skill level 5 in Unarmed Combat
   547 | D:1      | Reached XP level 3. HP: 30/33 MP: 2/2
  1077 | D:2      | Found an iron altar of Okawaru.
  1111 | D:2      | Reached XP level 4. HP: 37/41 MP: 3/3
  1295 | D:2      | Found a sacrificial altar of Ru.
  1814 | D:2      | Reached skill level 6 in Unarmed Combat
  2750 | D:4      | Reached skill level 5 in Fighting
  2750 | D:4      | Reached XP level 5. HP: 38/48 MP: 4/4
  3123 | D:4      | Noticed an ogre
  3271 | D:4      | Reached skill level 7 in Unarmed Combat
  3343 | D:4      | Killed an ogre
  3343 | D:4      | Reached XP level 6. HP: 56/56 MP: 5/5
  4003 | D:5      | Entered Level 5 of the Dungeon
  4043 | D:5      | Found an opulent altar of Gozag.
  4125 | D:5      | Reached skill level 6 in Fighting
  4302 | D:5      | Reached skill level 8 in Unarmed Combat
  4302 | D:5      | Reached XP level 7. HP: 56/64 MP: 6/6
  4367 | D:5      | Found a glowing golden altar of the Shining One.
  4434 | D:5      | Learned a level 5 spell: Aura of Abjuration
  4499 | D:5      | Found a bloodstained altar of Trog.
  4696 | D:5      | Reached skill level 9 in Unarmed Combat
  4937 | D:6      | Found Miputs's Weapon Shoppe.
  5125 | D:6      | Found Negaoh's Book Emporium.
  5226 | D:6      | Found Lughakod's Armour Boutique.
  5277 | D:6      | Reached skill level 10 in Unarmed Combat
  5277 | D:6      | Reached XP level 8. HP: 66/71 MP: 7/7
  5308 | D:6      | You fall through a shaft for 2 floors!
  5330 | D:8      | Noticed Erolcha
  5338 | D:8      | Found a burning altar of Makhleb.
  5466 | D:8      | Found a flagged portal.
  5483 | Bailey   | Entered a bailey
  5652 | Bailey   | Noticed an orc knight
  5916 | D:7      | Noticed a hill giant
  5944 | D:8      | Cast into the Abyss (Erolcha)
  5956 | Abyss:1  | Found a corrupted altar of Lugonu.
  5971 | Abyss:1  | Reached skill level 1 in Armour
  6017 | Abyss:1  | Noticed a thrashing horror
  6018 | Abyss:1  | --Jesus!
  6030 | Abyss:1  | Killed a thrashing horror
  6030 | Abyss:1  | Reached skill level 6 in Armour
  6102 | Abyss:1  | Noticed a wretched star
  6122 | Abyss:1  | Killed a wretched star
  6122 | Abyss:1  | Reached skill level 8 in Armour
  6122 | Abyss:1  | Reached XP level 9. HP: 13/77 MP: 8/8
  6146 | Abyss:1  | Noticed a thrashing horror
  6179 | Abyss:1  | HP: 2/77 [fire dragon simulacrum (9)]
  6215 | Abyss:1  | Noticed a starcursed mass
  6238 | D:8      | Escaped the Abyss
  6320 | D:8      | Reached skill level 9 in Armour
  6783 | D:7      | Reached skill level 10 in Armour
  6973 | D:7      | Found a staircase to the Ecumenical Temple.
  7014 | Temple   | Entered the Ecumenical Temple
  7019 | Temple   | Became a worshipper of Cheibriados the Contemplative
  7019 | Temple   | Reached * piety under Cheibriados
  7019 | Temple   | Reached ** piety under Cheibriados
  7020 | Temple   | --My god, save me
  7034 | D:7      | Noticed Duvessa
  7034 | D:7      | Noticed Dowan
  7045 | D:7      | Killed Duvessa
  7054 | D:7      | Killed Dowan
  7077 | D:7      | Killed a hill giant
  7077 | D:7      | Reached skill level 11 in Armour
  7323 | D:7      | Reached XP level 10. HP: 74/84 MP: 9/9
  7569 | D:7      | Reached skill level 12 in Armour
  7636 | D:6      | Noticed Pikel
  7651 | D:6      | Killed Pikel
  7651 | D:6      | Reached skill level 7 in Fighting
  7651 | D:6      | Reached skill level 4 in Dodging
  8042 | D:6      | Found Eblylok's Gadget Shoppe.
  8530 | D:8      | Killed Erolcha
  8530 | D:8      | Reached skill level 8 in Fighting
  8530 | D:8      | Reached skill level 5 in Dodging
  8572 | D:8      | Reached *** piety under Cheibriados
  8573 | D:8      | Reached skill level 6 in Dodging
  8628 | D:8      | Reached skill level 9 in Fighting
  8722 | D:8      | Noticed a centaur warrior
  8734 | D:8      | Killed a centaur warrior
  8734 | D:8      | Reached skill level 7 in Dodging
  8747 | D:8      | Noticed a cyclops
  8760 | D:8      | Killed a cyclops
  8770 | D:8      | Noticed a centaur warrior
  8778 | D:8      | Killed a centaur warrior
  8778 | D:8      | Reached skill level 10 in Fighting
  8778 | D:8      | Reached skill level 8 in Dodging
  8778 | D:8      | Reached XP level 11. HP: 55/100 MP: 6/10
  8958 | D:8      | Noticed a fire dragon
  8982 | D:8      | Killed a fire dragon
  8982 | D:8      | Reached skill level 2 in Invocations
  9368 | D:6      | Bought a book of Changes for 350 gold pieces
  9374 | D:6      | Learned a level 5 spell: Blade Hands
  9682 | D:8      | Reached **** piety under Cheibriados
 10007 | D:9      | Reached skill level 3 in Invocations
 10233 | D:9      | Reached skill level 1 in Transmutations
 10239 | D:9      | Found an ancient bone altar of Kikubaaqudgha.
 10460 | D:10     | Entered Level 10 of the Dungeon
 10484 | D:10     | Reached skill level 4 in Invocations
 10579 | D:10     | Reached ***** piety under Cheibriados
 10604 | D:10     | Reached skill level 5 in Invocations
 10731 | D:10     | Reached skill level 6 in Invocations
 10779 | D:10     | Noticed a hill giant
 10786 | D:10     | Killed a hill giant
 10831 | D:10     | Noticed a hill giant
 10840 | D:10     | Killed a hill giant
 10840 | D:10     | Reached skill level 7 in Invocations
 11281 | D:11     | Reached skill level 8 in Invocations
 11352 | D:11     | Found a staircase to the Orcish Mines.
 11455 | D:11     | Found a staircase to the Lair.
 11464 | D:11     | Noticed Maud
 11484 | D:11     | Killed Maud
 11484 | D:11     | Reached skill level 9 in Invocations
 11484 | D:11     | Reached XP level 12. HP: 20/106 MP: 9/18
 11489 | D:11     | Noticed Sonja
 11590 | D:11     | Cast into the Abyss (Sonja)
 11595 | Abyss:1  | Noticed a tentacled starspawn
 11606 | Abyss:1  | Killed a tentacled starspawn
 11606 | Abyss:1  | Reached skill level 10 in Invocations
 11669 | Abyss:1  | Identified Jocsoimn's Tome of Dislocation and Clay
 11688 | Abyss:1  | Noticed a tentacled starspawn
 11697 | Abyss:1  | Killed a tentacled starspawn
 11697 | Abyss:1  | Reached skill level 11 in Invocations
 11739 | Abyss:1  | Reached skill level 2 in Transmutations
 11794 | Abyss:1  | Reached skill level 3 in Transmutations
 11833 | D:11     | Escaped the Abyss
 11870 | D:11     | Sonja (ally) was killed
 11870 | D:11     | Your ally died
 11875 | D:11     | Reached skill level 4 in Transmutations
 11910 | D:11     | Noticed a four-headed hydra
 11916 | D:11     | Killed a four-headed hydra
 11932 | D:11     | Reached skill level 5 in Transmutations
 12017 | D:11     | Noticed a hill giant
 12025 | D:11     | Killed a hill giant
 12081 | D:11     | Noticed a wizard
 12081 | D:11     | Noticed a wizard
 12086 | D:11     | Killed a wizard
 12086 | D:11     | Reached skill level 6 in Transmutations
 12089 | D:11     | Killed a wizard
 12099 | D:11     | Identified the Disquisition on Companions
 12228 | D:11     | Reached XP level 13. HP: 113/113 MP: 20/20
 12463 | Lair:1   | Entered Level 1 of the Lair of Beasts
 12522 | Lair:1   | Reached skill level 7 in Transmutations
 12910 | Lair:1   | Reached skill level 8 in Transmutations
 13880 | Lair:3   | Reached skill level 1 in Shields
 13993 | Lair:3   | Reached skill level 9 in Transmutations
 14042 | Lair:3   | Reached skill level 2 in Shields
 14134 | Lair:3   | Reached skill level 3 in Shields
 14145 | Lair:3   | Reached ****** piety under Cheibriados
 14227 | Lair:3   | Reached skill level 4 in Shields
 14276 | Lair:3   | Reached skill level 5 in Shields
 14478 | Lair:4   | Found a labyrinth entrance.
 14492 | Lab      | Entered a labyrinth
 14684 | Lab      | Reached skill level 6 in Shields
 14686 | Lab      | Got an encrusted eveningstar {crush}
 14687 | Lab      | Identified the +6 eveningstar of the Enchanted Forest {crush, rN+ Stlth+} (You took it off a minotaur in a labyrinth)
 14974 | Lair:4   | Reached skill level 7 in Shields
 14991 | Lair:4   | Reached skill level 8 in Shields
 15603 | Lair:5   | Found a frozen archway.
 15615 | IceCv    | Entered an ice cave
 15876 | Lair:5   | Reached XP level 14. HP: 121/121 MP: 21/21
 15970 | Lair:5   | Reached skill level 10 in Transmutations
 16018 | Lair:5   | Noticed Josephine
 16038 | Lair:5   | Killed Josephine
 16498 | Lair:5   | Found a staircase to the Shoals.
 16624 | Lair:6   | Found a staircase to the Snake Pit.
 16640 | Lair:6   | Reached skill level 11 in Transmutations
 17640 | Lair:7   | Reached skill level 12 in Transmutations
 17651 | Lair:7   | Found a staircase to the Slime Pits.
 18177 | Lair:7   | You fall through a shaft!
 18177 | Lair:8   | Entered Level 8 of the Lair of Beasts
 18303 | Lair:8   | Reached skill level 1 in Spellcasting
 18430 | Lair:8   | Reached skill level 11 in Unarmed Combat
 19043 | Lair:8   | Gained mutation: You are clumsy. (Dex -2) [potion of mutation]
 19043 | Lair:8   | Gained mutation: You are very clumsy. (Dex -4) [potion of mutation]
 19043 | Lair:8   | Gained mutation: You occasionally shout uncontrollably at your foes. [potion of mutation]
 19044 | Lair:8   | Lost mutation: You are very clumsy. (Dex -4) [potion of cure mutation]
 19044 | Lair:8   | Lost mutation: You occasionally shout uncontrollably at your foes. [potion of cure mutation]
 19160 | Lair:8   | Reached XP level 15. HP: 32/126 MP: 6/22
 19417 | Lair:8   | Reached skill level 13 in Transmutations
 19812 | Orc:1    | Entered Level 1 of the Orcish Mines
 20080 | D:6      | Bought a book of the Earth for 910 gold pieces
 20087 | D:6      | Learned a level 6 spell: Statue Form
 20359 | Orc:1    | Reached skill level 12 in Unarmed Combat
 20946 | Orc:2    | Noticed Rupert
 20955 | Orc:2    | Killed Rupert
 21002 | Orc:2    | Found a bloodstained altar of Trog.
 21271 | Orc:3    | Found a dark tunnel.
 21282 | Volcano  | Entered a volcano
 21568 | Orc:3    | Found a roughly hewn altar of Beogh.
 21967 | Orc:4    | Entered Level 4 of the Orcish Mines
 22089 | Orc:4    | Found a staircase to the Elven Halls.
 22136 | Orc:4    | Found a roughly hewn altar of Beogh.
 22281 | Orc:4    | Found a roughly hewn altar of Beogh.
 22425 | Orc:4    | Reached skill level 2 in Spellcasting
 22438 | Orc:4    | Reached skill level 13 in Unarmed Combat
 22440 | Orc:4    | Found Ejuhi's Food Shoppe.
 22440 | Orc:4    | Found Sutaesk's Distillery.
 22462 | Orc:4    | Found Apsifuim's Weapon Shoppe.
 22462 | Orc:4    | Found Keenaj's Food Shop.
 22474 | Orc:4    | Bought a potion of heal wounds for 65 gold pieces
 22676 | Orc:4    | Paralysed by an orc sorcerer for 2 turns
 22915 | Elf:1    | Entered Level 1 of the Elven Halls
 22954 | Elf:1    | Reached skill level 3 in Spellcasting
 23303 | Elf:1    | Reached skill level 4 in Spellcasting
 23458 | Elf:1    | Identified the Grimoire of Darkness
 23642 | Elf:1    | Noticed Aizul
 23650 | Elf:1    | Killed Aizul
 23887 | Elf:1    | Reached skill level 14 in Unarmed Combat
 24282 | Elf:2    | Reached XP level 16. HP: 108/134 MP: 23/23
 24451 | Elf:2    | Found Uhoo's Antique Armour Shoppe.
 24461 | Elf:2    | Reached skill level 5 in Spellcasting
 24633 | Elf:2    | Bought an encrusted ring mail for 234 gold pieces
 24633 | Elf:2    | Identified the +3 ring mail "Woymehur" {Regen+ Str+3} (You bought it in a shop on level 2 of the Elven Halls)
 24728 | Elf:3    | Entered Level 3 of the Elven Halls
 25181 | Elf:3    | --XD
 25818 | Elf:3    | Got a crude bronze ring
 25839 | Elf:3    | Identified the ring of Pyromania {rPois rC+ MR+ Int+3} (You took it off a deep elf mage on level 3 of the Elven Halls)
 25875 | Elf:3    | Reached skill level 15 in Unarmed Combat
 25875 | Elf:3    | Reached skill level 6 in Spellcasting
 25890 | Elf:3    | Got a faintly glowing ruby amulet
 25892 | Elf:3    | Identified the amulet "Noshy" {*Drain +Rage rN++} (You took it off a deep elf demonologist on level 3 of the Elven Halls)
 25896 | Elf:3    | Got a crude robe
 26286 | Elf:3    | Reached skill level 13 in Armour
 26355 | Elf:3    | Noticed a deep elf master archer
 26358 | Elf:3    | Killed a deep elf master archer
 26363 | Elf:3    | Got a scorched ring mail
 26365 | Elf:3    | Identified the +2 ring mail "Tihakud" {Int+5} (You took it off a deep elf master archer on level 3 of the Elven Halls)
 26488 | Elf:3    | Reached skill level 14 in Armour
 26488 | Elf:3    | Reached skill level 7 in Spellcasting
 26525 | Elf:3    | Noticed a deep elf blademaster
 26534 | Elf:3    | Killed a deep elf blademaster
 26694 | Elf:3    | Noticed a deep elf blademaster
 26703 | Elf:3    | Killed a deep elf blademaster
 26761 | Elf:3    | --Bitch
 26920 | Elf:3    | Reached skill level 15 in Armour
 26930 | Elf:3    | Noticed a deep elf master archer
 26945 | Elf:3    | Killed a deep elf master archer
 27300 | Elf:3    | Reached XP level 17. HP: 86/140 MP: 21/27
 27687 | Elf:3    | Reached skill level 16 in Armour
 27687 | Elf:3    | Reached skill level 8 in Spellcasting
 27886 | Elf:3    | Learned a level 8 spell: Necromutation
 27966 | Elf:3    | Learned a level 3 spell: Regeneration
 28177 | Elf:2    | HP: 1/140 [something/shard of ice (38)]
 28812 | Snake:1  | Entered Level 1 of the Snake Pit
 28880 | Snake:1  | Noticed Uhlv's ghost (adept MiBe)
 28892 | Snake:1  | Killed Uhlv's ghost
 28892 | Snake:1  | Reached skill level 17 in Armour
 29240 | Snake:1  | Got a warped spear {pierce}
 29336 | Snake:1  | Reached skill level 18 in Armour
 30288 | Snake:2  | Reached skill level 19 in Armour
 31118 | Snake:3  | Reached skill level 20 in Armour
 31744 | Snake:3  | Found Liuts's Gadget Shop.
 31758 | Snake:3  | Got a ripped robe
 32056 | Snake:4  | Entered Level 4 of the Snake Pit
 32070 | Snake:4  | Reached skill level 1 in Charms
 32297 | Snake:4  | Reached skill level 1 in Necromancy
 32299 | Snake:4  | Reached XP level 18. HP: 125/148 MP: 24/29
 32509 | Snake:4  | Reached skill level 2 in Necromancy
 32565 | Snake:4  | Reached skill level 2 in Charms
 32864 | Snake:4  | Reached skill level 3 in Necromancy
 33025 | Snake:4  | Reached skill level 3 in Charms
 33229 | Snake:4  | Reached skill level 4 in Necromancy
 33368 | Snake:4  | Reached skill level 4 in Charms
 34021 | Snake:4  | Reached skill level 5 in Necromancy
 34154 | Snake:4  | Reached skill level 5 in Charms
 34319 | Snake:4  | Got a serpentine rune of Zot
 35414 | D:12     | Reached skill level 1 in Axes
 35545 | D:13     | Found Juus's Armour Emporium.
 35596 | D:13     | Reached skill level 2 in Axes
 35629 | D:13     | Found Ylad's Distillery.
 35642 | D:13     | Bought a potion of might for 52 gold pieces
 35677 | D:13     | Reached skill level 3 in Axes
 35691 | D:13     | Reached skill level 4 in Axes
 35781 | D:13     | Reached skill level 5 in Axes
 35798 | D:13     | Reached skill level 6 in Axes
 35823 | D:13     | Reached skill level 7 in Axes
 35902 | D:13     | Found a gate to the Vaults.
 35941 | D:13     | Found Neockol's General Store.
 35952 | D:13     | Reached skill level 8 in Axes
 36163 | D:13     | Found Orchojao's Antique Armour Boutique.
 36163 | D:13     | Found Liatsutin's Gadget Emporium.
 36212 | D:13     | Reached skill level 9 in Axes
 36214 | D:13     | Reached XP level 19. HP: 138/156 MP: 30/30
 36501 | Shoals:1 | Entered Level 1 of the Shoals
 36543 | Shoals:1 | Noticed Uhlv's ghost (adept MiBe)
 36883 | Shoals:1 | Killed Uhlv's ghost
 36938 | Shoals:1 | Reached skill level 1 in Evocations
 37189 | Shoals:1 | Reached skill level 2 in Evocations
 37418 | Shoals:2 | HP: 2/156 [snapping turtle (7)]
 37689 | Shoals:1 | Upgraded the game from 0.17.1-2-g5865329 to 0.17.1-3-g152610e
 37701 | Shoals:1 | Reached skill level 16 in Unarmed Combat
 37756 | Shoals:2 | Slain by a merfolk

Table legend:
 A = Turns spent in this place as a percentage of turns spent in the entire game.
 B = Non-inter-level travel turns spent in this place as a percentage of non-inter-level travel turns spent in the entire game.
 C = Inter-level travel turns spent in this place as a percentage of turns spent in this place.
 D = Turns resting spent in this place as a percentage of non-inter-level travel turns spent in this place.
 E = Turns spent auto-exploring this place as a percentage of non-inter-level travel turns spent in this place.
 F = Non-inter-level travel turns spent in this place divided by the number of levels of this place that you've seen.
                   A       B       C       D       E      F
               +-------+-------+-------+-------+-------+----------------------
         Total | 100.0 | 100.0 |   0.5 |   4.2 |   6.4 | 360.8
       Dungeon |  31.7 |  31.6 |   0.8 |   2.1 |   8.1 | 360.0
        Temple |   0.2 |   0.2 |   0.0 |   0.0 |   0.0 |  23.0
          Lair |  18.4 |  18.4 |   0.7 |   1.2 |  10.0 | 340.1
        Shoals |   3.9 |   4.0 |   0.0 |   2.9 |   3.1 | 292.5
     Snake Pit |  15.0 |  15.0 |   0.4 |   6.3 |   5.6 | 554.2
  Orcish Mines |   8.5 |   8.4 |   0.8 |   1.6 |  11.0 | 312.5
   Elven Halls |  14.0 |  14.1 |   0.1 |  14.0 |   0.9 | 693.7
         Abyss |   3.2 |   3.2 |   0.0 |   2.1 |   0.4 | 236.0
     Labyrinth |   1.7 |   1.7 |   0.0 |   0.8 |   0.0 | 248.0
        Bailey |   1.9 |   1.9 |   0.0 |   0.7 |   0.0 | 285.0
      Ice Cave |   0.7 |   0.7 |   0.0 |   4.0 |   0.0 |  99.0
       Volcano |   0.9 |   0.9 |   0.0 |   4.5 |   0.0 | 132.0
               +-------+-------+-------+-------+-------+----------------------

Table legend:
 A = Kills in this place as a percentage of kills in entire the game.
 B = Kills by you in this place as a percentage of kills by you in the entire game.
 C = Kills by friends in this place as a percentage of kills by friends in the entire game.
 D = Other kills in this place as a percentage of other kills in the entire game.
 E = Experience gained in this place as a percentage of experience gained in the entire game.
 F = Experience gained in this place divided by the number of levels of this place that you have seen.
                   A       B       C       D       E      F
               +-------+-------+-------+-------+-------+----------------------
         Total | 100.0 | 100.0 |  -nan | 100.0 | 100.0 | 9751.6
       Dungeon |  30.1 |  30.0 |  -nan |  50.0 |  13.3 | 4096.2
          Lair |  22.8 |  22.8 |  -nan |   0.0 |  16.8 | 8371.8
        Shoals |   3.0 |   3.0 |  -nan |   0.0 |   5.7 | 11468.5
     Snake Pit |  15.8 |  15.8 |  -nan |   0.0 |  31.8 | 31794.2
  Orcish Mines |  16.5 |  16.6 |  -nan |   0.0 |   4.9 | 4848.2
   Elven Halls |   9.0 |   8.9 |  -nan |  50.0 |  24.2 | 32211.7
         Abyss |   0.8 |   0.8 |  -nan |   0.0 |   2.4 | 4724.5
     Labyrinth |   0.1 |   0.1 |  -nan |   0.0 |   0.3 | 1078.0
        Bailey |   0.9 |   0.9 |  -nan |   0.0 |   0.0 |  42.0
      Ice Cave |   0.6 |   0.6 |  -nan |   0.0 |   0.4 | 1756.0
       Volcano |   0.4 |   0.4 |  -nan |   0.0 |   0.3 | 1124.0
               +-------+-------+-------+-------+-------+----------------------

Vanquished Creatures
  The ghost of Uhlv the Hoplite, an adept MiBe of Trog (Shoals:1)
  Rupert (Orc:2)
  2 deep elf master archers (Elf:3)
  2 deep elf blademasters (Elf:3)
  2 tentacled starspawn (Abyss:1)
  The ghost of Uhlv the Bludgeoner, an adept MiBe of Trog (Snake:1)
  8 greater nagas
  Maud (D:11)
  3 deep elf sorcerers (Elf:3)
  Aizul (Elf:1)
  8 deep elf annihilators (Elf:3)
  8 deep elf demonologists (Elf:3)
  10 deep elf death magi
  4 dire elephants (Lair:8)
  A minotaur (Lab)
  3 merfolk impalers (Shoals:1)
  Josephine (Lair:5)
  4 vault guards (D:13)
  2 deep elf high priests (Elf:3)
  A fire dragon (D:8)
  9 hydras
  A ghost crab (shapeshifter) (Elf:3)
  Erolcha (D:8)
  18 naga warriors
  5 centaur warriors
  2 dancing weapons (Elf:2)
  A merfolk aquamancer (Shoals:2)
  13 anacondas
  A thrashing horror (Abyss:1)
  A vampire mage (Abyss:1)
  14 naga sharpshooters
  5 orc high priests
  6 shock serpents
  An iron troll (shapeshifter) (Elf:3)
  A fire crab (Lair:8)
  A wretched star (Abyss:1)
  12 deep elf knights
  15 sea snakes
  A salamander mystic (Snake:4)
  6 large abominations
  11 naga ritualists
  2 unseen horrors
  2 wizards (D:11)
  A lindwurm (Lair:6)
  13 deep elf summoners
  Pikel (D:6)
  7 hill giants
  12 deep elf conjurers
  10 mana vipers
  4 necromancers (Elf:1)
  2 manticores (Shoals:1)
  6 orc sorcerers
  3 slime creatures (D:11)
  8 fauns (Shoals:1)
  A worldbinder (Abyss:1)
  3 cyclopes
  5 ugly things
  5 griffons
  16 elephants
  3 water nymphs
  2 sirens
  9 salamanders
  18 naga magi
  A rust devil (Abyss:1)
  A torpor snail (Lair:6)
  6 orc knights
  2 ice statues (IceCv)
  A guardian serpent (shapeshifter) (Elf:2)
  A centaur zombie (D:13)
  2 molten gargoyles (Lair:7)
  42 black mambas
  2 kobold demonologists
  3 gargoyles
  19 spiny frogs
  8 komodo dragons
  3 guardian serpents
  6 deep elf priests
  An ancient zyme (Abyss:1)
  2 two-headed ogres
  A polar bear (Lair:4)
  3 fire drakes
  12 merfolk
  7 trolls
  A raiju (shapeshifter) (Elf:1)
  9 blink frogs
  2 snapping turtles (Shoals:1)
  6 water elementals
  A fire elemental (D:11)
  A tarantella (shapeshifter) (Elf:3)
  19 deep elf magi
  46 yaks
  A shadow (D:12)
  2 hungry ghosts
  14 deep elf fighters
  A soldier ant (D:12)
  5 wraiths
  A spriggan (Lair:4)
  2 basilisks
  6 wyverns
  2 vampire mosquitoes (D:9)
  73 nagas
  5 wargs
  31 wolves
  16 hippogriffs
  2 mottled dragons
  12 water moccasins
  6 porcupines
  Duvessa (D:7)
  2 black bears
  8 spiders (Snake:4)
  A wasp (D:8)
  3 sky beasts
  11 ice beasts
  3 phantoms
  10 ogres
  8 centaurs
  A necrophage (D:10)
  A brain worm (D:13)
  28 orc warriors
  7 big kobolds
  15 giant frogs
  18 crocodiles
  2 elf zombies (Elf:1)
  Dowan (D:7)
  3 wyvern zombies
  4 scorpions
  11 killer bees
  4 wights
  2 wyvern skeletons (D:11)
  3 electric eels
  5 lava snakes (Lair:7)
  3 crimson imps
  2 gnoll shamans
  33 orc priests
  24 jellies
  5 giant frog skeletons
  7 iguanas
  2 centaur skeletons
  13 hounds
  47 orc wizards
  50 sheep
  9 worker ants
  A hound zombie (D:7)
  4 hound skeletons
  2 worker ant zombies (D:9)
  21 adders
  10 gnolls
  52 river rats
  5 shadow imps
  A white imp (Abyss:1)
  24 oozes
  An adder skeleton (D:8)
  An adder zombie (D:5)
  3 worms
  235 orcs
  11 bats
  A bat zombie (D:9)
  4 giant cockroaches
  11 goblins
  9 hobgoblins
  16 jackals
  2 quokkas
  2 ball pythons
  6 giant geckos
  A giant gecko skeleton (D:6)
  A giant gecko zombie (D:7)
  8 giant newts
  21 kobolds
  5 rats
  A rat zombie (D:9)
  2 fungi (Lair:8)
  6 plants
  A starspawn tentacle (Abyss:1)
1524 creatures vanquished.

Vanquished Creatures (others)
  A deep elf high priest (Elf:3)
  Sonja (D:11)
  An ogre (D:6)
  A giant frog (D:6)
  A giant frog zombie (D:6)
  A worker ant zombie (D:6)
  An adder (D:6)
  A shadow imp (D:6)
  26 fungi
  42 plants
  A starspawn tentacle (Abyss:1)
  21 starspawn tentacle segments (Abyss:1)
98 creatures vanquished.

Grand Total: 1622 creatures vanquished
